 Dungeon Crawl Stone Soup version 0.23-a0-29-g1be82e5 (webtiles) character file.

16281 Amnesiac the Destroyer (level 12, 0/83 HPs)
             Began as a Mummy Air Elementalist on Aug 3, 2018.
             Was a High Priest of Sif Muna.
             Slain by a cyan ugly thing (6 damage)
             ... on level 11 of the Dungeon.
             The game lasted 00:28:29 (12490 turns).

Amnesiac the Destroyer (Mummy Air Elementalist)    Turns: 12490, Time: 00:28:30

Health: 0/83       AC:  5    Str: 17    XL:     12   Next: 8%
Magic:  0/34       EV: 15    Int: 21    God:    Sif Muna [*****.]
Gold:   617        SH:  0    Dex: 24    Spells: 11/29 levels left

rFire    . . .     SeeInvis +   j - +7 dagger of Valour {drain, Int+3 Dex+3 SInv}
rCold    + + .     Gourm    .   (no shield)
rNeg     + + +     Faith    .   r - +1 robe {rC+ rF+}
rPois    ∞         Spirit   +   x - +1 helmet
rElec    +         Reflect  .   w - scarf {Spirit}
rCorr    .         Harm     +   (no gloves)
MR       +....                  (no boots)
Stlth    ++........             g - amulet of harm
HPRegen  0.23/turn              e - ring "Setov" {rElec Str+5 Dex+8}
MPRegen  0.24/turn              c - ring of magical power

@: no casting
A: no food or potions, fire vulnerability, cold resistance 1, negative energy
resistance 3, torment resistance, unbreathing
a: Stop Divine Energy, Channel Magic, Forget Spell, Renounce Religion


You were on level 11 of the Dungeon.
You worshipped Sif Muna.
Sif Muna was extremely pleased with you.
You were not hungry.

You visited 1 branch of the dungeon, and saw 11 of its levels.
You also visited: Bailey.

You collected 617 gold pieces.

Inventory:

Hand Weapons
 j - the +7 dagger of Valour (weapon) {drain, Int+3 Dex+3 SInv}
   (You found it on level 7 of the Dungeon)

   A truly terrible weapon, it drains the life of those it strikes.
   It affects your intelligence (+3).
   It affects your dexterity (+3).
   It lets you see invisible.
Missiles
 f - 7 steel javelins (quivered)
Armour
 r - a +1 robe of resistance (worn)
 w - a scarf of spirit shield (worn)
 x - a +1 helmet (worn)
Jewellery
 c - a ring of magical power (right hand)
 e - the ring "Setov" (left hand) {rElec Str+5 Dex+8}
   (You found it on level 8 of the Dungeon)

   [ring of strength]

   It affects your strength (+5).
   It affects your dexterity (+8).
   It insulates you from electricity.
 g - an amulet of harm (around neck)
 q - an uncursed ring of fire
Wands
 a - a wand of paralysis (16)
 b - a wand of polymorph (15)
 h - a wand of digging (9)
 n - a wand of flame (46)
 p - a wand of random effects (36)
 v - a wand of acid (10)
Scrolls
 d - 5 scrolls of identify {!r}
 i - 8 scrolls of remove curse {!r}
 k - 2 scrolls of fog {!r}
 l - 2 scrolls of magic mapping {!r}
 m - 3 scrolls of enchant armour {!r}
 o - a scroll of teleportation {!r, unknown}
 s - a scroll of enchant weapon {!r}
 t - a scroll of fear {!r}
Miscellaneous
 u - a lightning rod (4/4)


   Skills:
 - Level 4.0 Fighting
 - Level 4.0 Dodging
 - Level 1.5 Stealth
 + Level 9.1 Spellcasting
 * Level 9.2 Conjurations
 * Level 9.1 Air Magic
 + Level 8.3 Invocations


You had 11 spell levels left.
You knew the following spells:

 Your Spells              Type           Power        Failure   Level  Hunger
a - Airstrike             Air            #####.....   1%          4    N/A
b - Passwall              Tmut/Erth      #.......     11%         2    N/A
c - Summon Lightning Spi  Summ/Air       ####....     11%         4    N/A
d - Lightning Bolt        Conj/Air       #####.....   4%          5    N/A
e - Shock                 Conj/Air       ####         1%          1    N/A
z - Swiftness             Chrm/Air       ####....     1%          2    N/A

Your spell library contained the following spells:

 Spells                   Type           Power        Failure   Level  Hunger
 Fireball                 Conj/Fire      ####......   28%         5    N/A
 Conjure Flame            Conj/Fire      ####....     3%          3    N/A
 Throw Flame              Conj/Fire      ####..       1%          2    N/A
 Freezing Cloud           Conj/Ice/Air   #####.....   65%         6    N/A
 Sticky Flame             Conj/Fire      ####....     11%         4    N/A
 Regeneration             Chrm/Necr      #.........   22%         3    N/A
 Stone Arrow              Conj/Erth      ####..       3%          3    N/A
 Flame Tongue             Conj/Fire      ####.        1%          1    N/A
 Static Discharge         Conj/Air       #####...     1%          3    N/A
 Lee's Rapid Deconstruct  Erth           #.........   89%         5    N/A
 Sandblast                Erth           #.....       7%          1    N/A
 Petrify                  Tmut/Erth      #.......     56%         4    N/A
 Leda's Liquefaction      Hex/Erth       #.........   56%         4    N/A
 Summon Hydra             Summ           #.........   100%        7    N/A
 Shroud of Golubria       Chrm/Tloc      #.........   11%         2    N/A
 Inner Flame              Hex/Fire       #.......     22%         3    N/A
 Fulminant Prism          Conj/Hex       ####......   11%         4    N/A
 Infusion                 Chrm           #...         7%          1    N/A
 Song of Slaying          Chrm           #.......     11%         2    N/A
 Spectral Weapon          Hex/Chrm       #.......     22%         3    N/A
 Summon Forest            Summ/Tloc      #.........   89%         5    N/A
 Summon Guardian Golem    Hex/Summ       #.......     22%         3    N/A

Dungeon Overview and Level Annotations

Branches:
Dungeon (11/15)            Temple (0/1) D:4             Orc (0/2) D:10
   Lair: D:8-11

Altars:
Ashenzari
Elyvilon
Fedhas
Hepliaklqana
Kikubaaqudgha
Makhleb
Qazlal
Sif Muna
Uskayaw
Wu Jian
Yredelemnul
Zin
The Shining One


Innate Abilities, Weirdness & Mutations

You do not eat or drink.
Your flesh is vulnerable to fire.
You are immune to poison.
Your flesh is cold resistant. (rC+)
You are immune to negative energy. (rN+++)
You are immune to unholy pain and torment.
You can survive without breathing.


Message History

The cyan ugly thing is moderately wounded.
Casting: Airstrike (safe; 1% risk of failure)
Confirm with . or Enter, or press ? or * to list all spells.
Aiming: Airstrike (safe; 1% risk of failure)
Press: ? - help, Dir - move target cursor, f/p - cyan ugly thing
Aim: a cyan ugly thing (moderately wounded)
The air twists around and strikes the cyan ugly thing!
The cyan ugly thing is heavily wounded.
Casting: Airstrike (safe; 1% risk of failure)
Confirm with . or Enter, or press ? or * to list all spells.
Aiming: Airstrike (safe; 1% risk of failure)
Press: ? - help, Dir - move target cursor, f/p - cyan ugly thing
Aim: a cyan ugly thing (heavily wounded)
The air twists around and strikes the cyan ugly thing!
The cyan ugly thing is heavily wounded.
Sif Muna grants you divine energy.
You briefly lose access to your magic!
The cyan ugly thing gores you. The cyan ugly thing shocks you. You resist.
You are unable to access your magic!
You are unable to access your magic!
You are unable to access your magic!
You closely miss the cyan ugly thing.
The cyan ugly thing is heavily wounded.
The cyan ugly thing gores you! The cyan ugly thing shocks you. You resist.
You puncture the cyan ugly thing!
The cyan ugly thing is severely wounded.
You regain access to your magic.
The cyan ugly thing gores you. The cyan ugly thing shocks you. You resist.
You closely miss the cyan ugly thing.
The cyan ugly thing is severely wounded.
The cyan ugly thing misses you.
Casting: Airstrike (safe; 1% risk of failure)
Confirm with . or Enter, or press ? or * to list all spells.
Aiming: Airstrike (safe; 1% risk of failure)
Press: ? - help, Dir - move target cursor, f/p - cyan ugly thing
Aim: a cyan ugly thing (severely wounded)
The air twists around and strikes the cyan ugly thing!
The cyan ugly thing is almost dead.
Sif Muna grants you divine energy.
You briefly lose access to your magic!
The cyan ugly thing closely misses you.
Unknown command.
You hit the cyan ugly thing but do no damage.
The cyan ugly thing is almost dead.
The cyan ugly thing gores you!
* * * LOW HITPOINT WARNING * * *
The cyan ugly thing shocks you. You resist.
* * * LOW HITPOINT WARNING * * *
You hit the cyan ugly thing.
The cyan ugly thing is almost dead.
The cyan ugly thing barely misses you.
Unknown command.
You barely miss the cyan ugly thing.
The cyan ugly thing is almost dead.
The cyan ugly thing gores you!
* * * LOW HITPOINT WARNING * * *
The cyan ugly thing shocks you. You resist.
* * * LOW HITPOINT WARNING * * *
Unknown command.
You hit the cyan ugly thing.
The cyan ugly thing is almost dead.
The cyan ugly thing gores you.
* * * LOW HITPOINT WARNING * * *
The cyan ugly thing shocks you. You resist.
You die...

#.. #####..
....... .......
...## #.....
..... #...(.
.....
#....u##########.
.....
#.....@..........
....
#................
...
#..#####.........
#. #...#........#
#...#........+
#...#.###+#..#
#...#.# ..#
+...'.# ..
#...#.# #.#


You could see a cyan ugly thing.

Vanquished Creatures
  Fannar (D:10)
  A hydra (D:11)
  The ghost of HydraWiggins the Skirmisher, a novice TrMo of Sif Muna (D:9)
  3 two-headed ogres
  Erica (D:11)
  The ghost of casual the Nimble, a novice DgGl (D:10)
  An unseen horror (D:11)
  Pikel (D:7)
  An ugly thing (D:11)
  An orc knight (Bailey)
  Maurice (D:9)
  A centaur skeleton (D:10)
  5 gargoyles (D:8)
  Prince Ribbit (D:7)
  A troll (D:10)
  A hornet (D:10)
  2 hippogriffs (D:8)
  5 yaks (D:9)
  A wraith (D:10)
  A wyvern (D:8)
  A soldier ant (D:11)
  A water moccasin (D:6)
  5 ice beasts
  4 slaves (D:8)
  4 orc warriors
  A sky beast (D:6)
  A hornet zombie (D:11)
  2 black bears
  2 ogres (D:7)
  A phantom (D:6)
  2 centaurs (D:7)
  3 big kobolds
  Blork the orc (D:3)
  A wyvern zombie (D:10)
  8 bullfrogs
  A water moccasin zombie (D:6)
  2 scorpions (D:10)
  3 killer bees (D:8)
  8 wights
  2 howler monkeys (D:4)
  An electric eel (D:9)
  2 centaur zombies (D:6)
  3 bullfrog zombies
  4 crimson imps
  6 hounds
  9 orc priests
  7 orc wizards
  2 iguanas
  13 worker ants
  A bullfrog simulacrum (D:10)
  4 hound zombies
  A hound skeleton (D:8)
  15 gnolls
  7 adders
  A hound simulacrum (D:10)
  3 shadow imps
  3 white imps (D:10)
  2 oozes
  2 adder zombies
  A worm (D:2)
  5 dart slugs
  5 leopard geckos
  53 orcs
  12 bats
  7 giant cockroaches
  17 hobgoblins
  13 kobolds
  2 quokkas
  2 ball pythons
  2 frilled lizards
  14 goblins
  A jackal zombie (D:7)
  A leopard gecko zombie (D:9)
  15 rats
320 creatures vanquished.

Vanquished Creatures (others)
  5 plants (D:3)
5 creatures vanquished.

Grand Total: 325 creatures vanquished

Notes
Turn   | Place    | Note
-------+----------+-------------------------------------------
     0 | D:1      | Amnesiac the Mummy Air Elementalist began the quest for the Orb.
     0 | D:1      | Reached XP level 1. HP: 13/13 MP: 4/4
    36 | D:1      | Reached skill level 1 in Conjurations
   147 | D:2      | Reached XP level 2. HP: 12/19 MP: 1/5
   382 | D:2      | Found a deep blue altar of Sif Muna.
   390 | D:2      | Became a worshipper of Sif Muna the Loreminder
   502 | D:2      | Found a hide-covered altar of Uskayaw.
   533 | D:2      | Found a shattered altar of Ashenzari.
   728 | D:1      | Reached XP level 3. HP: 23/24 MP: 7/7
  1535 | D:2      | Reached XP level 4. HP: 30/30 MP: 2/8
  1541 | D:2      | Learned a level 4 spell: Airstrike
  1707 | D:3      | Found a burning altar of Makhleb.
  1782 | D:3      | Reached * piety under Sif Muna
  2218 | D:3      | Reached XP level 5. HP: 35/35 MP: 0/10
  3137 | D:2      | Found a deep blue altar of Sif Muna.
  3168 | D:2      | Found a shattered altar of Ashenzari.
  3185 | D:2      | Found a hide-covered altar of Uskayaw.
  3487 | D:2      | Reached XP level 6. HP: 17/41 MP: 0/12
  4029 | D:4      | Noticed Blork the orc
  4051 | D:3      | Killed Blork the orc
  4175 | D:3      | Reached skill level 5 in Spellcasting
  4175 | D:3      | Reached skill level 5 in Air Magic
  4441 | D:4      | Found a staircase to the Ecumenical Temple.
  4475 | D:4      | Reached XP level 7. HP: 9/46 MP: 0/15
  4670 | D:4      | Reached ** piety under Sif Muna
  4896 | D:5      | Entered Level 5 of the Dungeon
  5205 | D:5      | Found a hazy altar of Hepliaklqana.
  5679 | D:6      | Reached XP level 8. HP: 8/52 MP: 1/18
  5747 | D:6      | Found a blossoming altar of Fedhas.
  5832 | D:6      | Found a shattered altar of Ashenzari.
  5832 | D:6      | Found a stormy altar of Qazlal.
  5837 | D:6      | Found a white marble altar of Elyvilon.
  5895 | D:6      | Reached *** piety under Sif Muna
  6286 | D:7      | Learned a level 5 spell: Lightning Bolt
  6289 | D:7      | Learned a level 2 spell: Swiftness
  6533 | D:7      | Reached XP level 9. HP: 38/57 MP: 0/21
  6539 | D:7      | Learned a level 2 spell: Passwall
  6562 | D:7      | Found a glowing golden altar of the Shining One.
  6720 | D:7      | Got a faintly glowing dagger
  6721 | D:7      | Identified the +7 dagger of Valour {drain, Int+3 Dex+3 SInv} (You found it on level 7 of the Dungeon)
  6738 | D:7      | Reached **** piety under Sif Muna
  6782 | D:7      | Found a flagged portal.
  6897 | Bailey   | Entered a bailey
  7437 | Bailey   | Noticed an orc knight
  7481 | Bailey   | Killed an orc knight
  7646 | Bailey   | Noticed an orc knight
  7855 | D:7      | Reached skill level 5 in Conjurations
  7859 | D:7      | Noticed Prince Ribbit
  7932 | D:7      | Killed Prince Ribbit
  8088 | D:7      | Reached ***** piety under Sif Muna
  8222 | D:8      | Noticed a gargoyle
  8225 | D:8      | Killed a gargoyle
  8225 | D:8      | Identified Sif Muna's Reference Book on Creative Flight (Sif Muna gifted it to you on level 8 of the Dungeon)
  8225 | D:8      | Received a gift from Sif Muna
  8225 | D:8      | Reached XP level 10. HP: 63/63 MP: 6/23
  8318 | D:8      | Noticed a gargoyle
  8324 | D:8      | Killed a gargoyle
  8452 | D:8      | Noticed a gargoyle
  8457 | D:8      | Killed a gargoyle
  8684 | D:8      | Noticed a gargoyle
  8686 | D:8      | Killed a gargoyle
  8774 | D:8      | Noticed a gargoyle
  8776 | D:8      | Killed a gargoyle
  8779 | D:8      | Got a crude turquoise ring
  8782 | D:8      | Identified the ring "Setov" {rElec Str+5 Dex+8} (You found it on level 8 of the Dungeon)
  8933 | D:8      | Found a basalt altar of Yredelemnul.
  8933 | D:8      | Found an ancient bone altar of Kikubaaqudgha.
  8933 | D:8      | Found a glowing silver altar of Zin.
  8972 | D:8      | Noticed a two-headed ogre
  8978 | D:8      | Killed a two-headed ogre
  9157 | D:8      | Found an ornate altar of the Wu Jian Council.
  9307 | D:8      | Noticed Pikel
  9359 | D:7      | Killed Pikel
  9359 | D:7      | Reached skill level 1 in Fighting
  9359 | D:7      | Reached skill level 1 in Invocations
  9642 | D:8      | Noticed a two-headed ogre
  9647 | D:8      | Killed a two-headed ogre
  9647 | D:8      | Reached XP level 11. HP: 72/72 MP: 13/24
  9698 | D:9      | Noticed a two-headed ogre
  9703 | D:9      | Killed a two-headed ogre
 10027 | D:9      | Found a runed door.
 10030 | D:9      | Noticed HydraWiggins's ghost (novice TrMo)
 10053 | D:9      | Killed HydraWiggins's ghost
 10243 | D:9      | Found a basalt altar of Yredelemnul.
 10285 | D:9      | Noticed Maurice
 10368 | D:9      | Killed Maurice
 10808 | D:10     | Entered Level 10 of the Dungeon
 10933 | D:10     | Noticed Fannar
 10976 | D:10     | Killed Fannar
 10976 | D:10     | Reached skill level 5 in Invocations
 11360 | D:10     | Noticed casual's ghost (novice DgGl)
 11506 | D:10     | Identified Sif Muna's Almanac of Bewitching Companions (Sif Muna gifted it to you on level 10 of the Dungeon)
 11506 | D:10     | Received a gift from Sif Muna
 11513 | D:10     | Learned a level 4 spell: Summon Lightning Spire
 11664 | D:10     | Found a runed gate.
 11665 | D:10     | Found a runed gate.
 11669 | D:10     | Found a runed gate.
 11725 | D:10     | Found a staircase to the Orcish Mines.
 11959 | D:10     | Killed casual's ghost
 12161 | D:11     | Noticed Erica
 12165 | D:11     | Killed Erica
 12330 | D:11     | Noticed a four-headed hydra
 12347 | D:11     | Killed a four-headed hydra
 12360 | D:11     | Reached XP level 12. HP: 83/83 MP: 1/25
 12490 | D:11     | Slain by a cyan ugly thing

Vault maps used:
D:1:      erik_arrival_orb_chamber, roderic_roman_lattice,
          corexii_hall_statues_l
D:2:      cheibrodos_pilgrimage, eat_drink_and_be_merry_uskayaw,
          old_standard_altar, serial_glass, glass_columns_b, glass_columns_b,
          glass_columns_a, glass_columns_c, glass_columns_a, glass_columns_c,
          ashenzari_altar_1
D:3:      cheibrodos_old_hovel, makhleb_heckhound_becter
D:4:      minmay_temple_entry_large_hall, uniq_blork_the_orc
D:5:      nicolae_overflow_crystal_walls, first_ration
D:6:      grunt_temple_overflow_open
D:7:      tso_oasis_becter, enter_bailey_8, uniq_prince_ribbit1
D:8:      cheibrodos_statue_roulette, lemuel_crystal_altar,
          gammafunk_temple_overflow_forgotten, uniq_pikel
D:9:      cheibrodos_helix_gallery, gammafunk_ghost_grave, basic_altar,
          uniq_maurice
D:10:     hiddenorc1_lemuel, gammafunk_ghost_icy, uniq_fannar
D:11:     david_lair_shrubbed, uniq_erica
Bailey:   bailey_axe_minmay_hex_keep, bailey

Skill      XL: |  1  2  3  4  5  6  7  8  9 10 11 |
---------------+----------------------------------+-----
Conjurations   | 1 2 6 9 |  9.2
Spellcasting   | 3 4 5 6 8 9 |  9.1
Air Magic      | 3 4 5 6 8 9 |  9.1
Fighting       | 2 4 |  4.0
Dodging        | 2 4 |  4.0
Invocations    | 2 8 |  8.3
Stealth        | |  1.5

Action                   |  1- 3 |  4- 6 |  7- 9 | 10-12 || total
-------------------------+-------+-------+-------+-------++-------
Melee: Whip              |   112 |    33 |       |       ||   145
       Unarmed           |     7 |       |       |       ||     7
       Mace              |       |     1 |     8 |       ||     9
       Dagger            |       |       |    14 |    89 ||   103
 Cast: Shock             |    26 |    22 |       |       ||    48
       Airstrike         |       |    54 |   175 |   251 ||   480
       Passwall          |       |       |     2 |       ||     2
       Swiftness         |       |       |     1 |       ||     1
       Lightning Bolt    |       |       |       |     2 ||     2
Invok: Divine Energy     |       |     1 |       |       ||     1
Evoke: Wand              |       |       |       |     1 ||     1
  Use: Scroll            |     6 |     2 |     6 |     3 ||    17
 Stab: Sleeping          |     4 |     2 |       |       ||     6
       Distracted        |       |       |       |     1 ||     1
Armor: Robe              |    35 |    12 |    19 |    18 ||    84
Dodge: Dodged            |   106 |    47 |    65 |    76 ||   294

Table legend:
 A = Spawn XP
 B = Non-spawn XP
 C = Spawn XP percentage of total XP
 D = Spawn monster count
 E = Non-spawn monster count
 F = Spawn count percentage of total count
 G = Total turns spent on level
                    A         B        C        D         E        F      G
               +---------+---------+-------+---------+---------+-------+---------
         Total |       0 |   23259 |   0.0 |       0 |     316 |   0.0 | 12490
               +---------+---------+-------+---------+---------+-------+---------
           D:1 |       0 |      50 |   0.0 |       0 |      32 |   0.0 |   735
           D:2 |       0 |     175 |   0.0 |       0 |      22 |   0.0 |  1922
           D:3 |       0 |     343 |   0.0 |       0 |      32 |   0.0 |  1518
           D:4 |       0 |     302 |   0.0 |       0 |      11 |   0.0 |   721
           D:5 |       0 |      44 |   0.0 |       0 |       1 |   0.0 |   533
           D:6 |       0 |    1427 |   0.0 |       0 |      26 |   0.0 |   874
           D:7 |       0 |    2610 |   0.0 |       0 |      39 |   0.0 |  1100
           D:8 |       0 |    5408 |   0.0 |       0 |      32 |   0.0 |  1733
           D:9 |       0 |    3977 |   0.0 |       0 |      30 |   0.0 |   973
          D:10 |       0 |    4194 |   0.0 |       0 |      45 |   0.0 |  1153
          D:11 |       0 |    3782 |   0.0 |       0 |      17 |   0.0 |   453
        Bailey |       0 |     947 |   0.0 |       0 |      29 |   0.0 |   775
               +---------+---------+-------+---------+---------+-------+---------
